[Event "*** Titled Tuesday Blitz"]
[Site "Chess.com"]
[Date "2021.02.09"]
[Round "3"]
[White "alexg2003"]
[Black "louis198"]
[Result "0-1"]
[WhiteElo "2386"]
[BlackElo "2563"]
[TimeControl "180+1"]
[EndTime "10:29:58 PST"]
[Termination "louis198 won by resignation"]

1. e4 e6 2. d3 d5 3. Nd2 Nf6 4. g3 Bc5 5. Ngf3 dxe4 6. d4 Bxd4 7. Nxd4 Qxd4 8. c3 Qb6 9. Nxe4 Nxe4 10. Qa4+ Bd7 11. Qxe4 Bc6 12. Qe5 Bxh1 13. Qxg7 Rf8 14. Bh6 Nd7 15. Qg5 Qxb2 16. Rc1 f6 17. Qh5+ Rf7 18.
Bh3 Bd5 19. c4 Qb4+ 20. Bd2 Qe7 21. cxd5 exd5+ 22. Kf1 O-O-O 23. Re1 Qf8 24. Qxd5 f5 25. Bg5 Re8 26. Rc1 Nb6 27. Qa5 Kb8 28. Bf4 Re6 29.
Bg2 Qd8 30. Bf3 Re4 31. Bxe4 fxe4 32. Qe5 Re7 33. Qf6 Qe8 34. Rd1 a6 35. Rc1 Nd5 36.
Qd4 Nxf4 37. gxf4 e3 38. fxe3 Rxe3 39. Qc5 c6 40. Qd6+ Ka8 41. Kf2 Qe4 42. Qd8+ Ka7 43. Qh4 Qf3+ 44. Kg1 Re2 45. Qg3 Qxg3+ 46. hxg3 Rxa2 47.
Re1 Ra5 48. Re7 Rh5 49. g4 Rh4 50. Rg7 h5 51. f5 hxg4 52. Kg2 Rh5 53. f6 Rf5 54.
Rf7 a5 55. Kg3 a4 56. Kxg4 Rf1 57. Re7 Rxf6 58. Re4 b5 59. Re7+ Kb6 0-1

[Event "*** Titled Tuesday Blitz"]
[Site "Chess.com"]
[Date "2021.02.09"]
[Round "3"]
[White "BabyBoss31"]
[Black "Mikhail_Golubev"]
[Result "0-1"]
[WhiteElo "2352"]
[BlackElo "2534"]
[TimeControl "180+1"]
[EndTime "10:29:58 PST"]
[Termination "Mikhail_Golubev won by resignation"]

1. d4 Nf6 2. Bg5 d5 3. Bxf6 gxf6 4. e3 c5 5. dxc5 e6 6. Nf3 Bxc5 7. Be2 O-O 8. O-O Nc6 9. c4 dxc4 10. Qa4 Na5 11. Bxc4 Nxc4 12. Qxc4 Be7 13. Nc3 Qb6 14. Rfd1 Qb4 15.
Qb5 Qxb5 16. Nxb5 a6 17. Nd6 Rd8 18. Nxc8 Rxd1+ 19. Rxd1 Rxc8 20. Kf1 Kf8 21. Ke2 Ke8 22. a3 f5 23. Nd4 Bf6 24. f4 Rd8 25. Rd2 Bxd4 26. exd4 Ke7 27. Ke3 Kd6 28. g3 Rc8 29. Kd3 Kd5 30. Ke3 Rc1 31. Kd3 Rc4 32. Ke3 Rc1 33. Kd3 Rc6 34. Ke3 f6 35. Kd3 Rc4 36. Ke3 b5 37. Kd3 a5 38. Ke3 b4 39. axb4 Rxb4 40.
h3 Rb3+ 41. Rd3 Rxb2 42. Ra3 Rb5 43. g4 Kc4 44. gxf5 exf5 45. Ra4+ Kb3 46. Ra1 a4 47.
Rb1+ Kc4 48. Ra1 Kb4 49. Rb1+ Kc4 50. Rc1+ Kd5 51. Ra1 Rb3+ 52. Kd2 a3 53. h4 Kxd4 54. Rg1 Rb2+ 55. Kc1 Rh2 56. Rg7 a2 57. Ra7 a1=Q+ 58. Rxa1 Rh1+ 59. Kb2 Rxa1 60. Kxa1 Ke3 61. Kb1 Kxf4 62.
Kc1 Kg4 63. Kd1 Kxh4 64. Ke1 0-1

[Event "*** Titled Tuesday Blitz"]
[Site "Chess.com"]
[Date "2021.02.09"]
[Round "3"]
[White "mjray79"]
[Black "Aslanov_Umid"]
[Result "0-1"]
[WhiteElo "2509"]
[BlackElo "2353"]
[TimeControl "180+1"]
[EndTime "10:29:59 PST"]
[Termination "Aslanov_Umid won by checkmate"]

1. d4 Nf6 2. c4 g6 3. Nc3 Bg7 4. e4 d6 5. Nge2 O-O 6. Ng3 c5 7. d5 e6 8. Be2 exd5 9. exd5 Re8 10. O-O Nbd7 11. Bf4 Ne5 12. a3 a5 13. Rb1 h5 14. Bg5 Qc7 15. Nb5 Qb6 16. b4 axb4 17. axb4 cxb4 18. Rxb4 Qc5 19. Qb1 Nh7 20. Be3 Nf3+ 21.
Bxf3 Rxe3 22. fxe3 h4 23. Ne4 Qxe3+ 24. Nf2 Ng5 25.
Qd3 Qf4 26. Ne4 Bf5 27. c5 dxc5 28. Rc4 Ra2 29. Qb3 Nh3+ 30. Kh1 Bxe4 31. Qxa2 Be5 32. gxh3 Bxf3+ 33. Kg1 Bd4+ 34. Nxd4 Qg5+ 35. Kf2 Qg2+ 36. Ke3 Qxa2 37. Rxc5 Qa3+ 38. Nb3 Qxb3+ 39. Kf2 Qb2+ 40. Kxf3 Qa3+ 41. Ke4 Qxc5 42. Ke5 Qe3+ 43. Kd6 Qxh3 44. Re1 Qxh2+ 45. Ke7 Qg3 46. Re4 h3 47. d6 h2 48. d7 Qg5+ 49. Ke8 h1=Q 50. Rc4 Qhd5 51. Rc8 Qge5+ 52. Kd8 Qf6+ 53. Kc7+ Kg7 54. d8=Q Qdxd8+ 55. Rxd8 Qxd8+ 56. Kxd8 b5 57. Kc7 b4 58. Kb6 b3 59.
Kc5 b2 60. Kd6 b1=Q 61. Kd7 Qe1 62. Kd8 Qe6 63. Kc7 g5 64. Kd8 g4 65. Kc7 g3 66.
Kd8 g2 67. Kc7 g1=Q 68. Kd8 Qgb6# 0-1

[Event "*** Titled Tuesday Blitz"]
[Site "Chess.com"]
[Date "2021.02.09"]
[Round "3"]
[White "IwkooO"]
[Black "GM_Huschenbeth"]
[Result "0-1"]
[WhiteElo "2755"]
[BlackElo "2583"]
[TimeControl "180+1"]
[EndTime "10:30:00 PST"]
[Termination "GM_Huschenbeth won by resignation"]

1. e4 c5 2. Nc3 d6 3. d4 cxd4 4.
Qxd4 Nc6 5. Qd2 Nf6 6. b3 e6 7. Bb2 d5 8. exd5 exd5 9. O-O-O Bb4 10. Qg5 Be6 11. Qxg7 Rg8 12. Nxd5 Rxg7 13. Nxf6+ Kf8 14. Rxd8+ Rxd8 15. Bd3 Rxg2 16. Nxh7+ Ke8 17. Nf6+ Ke7 18. Ne4 Nd4 19. Ne2 Nxe2+ 20. Bxe2 Rdg8 21. Bf3 Rg1+ 22. Rxg1 Rxg1+ 23. Bd1 Bg4 24. f3 Bxf3 25. Nf2 Bc5 26. Kd2 Bxd1 27. Nxd1 Rg2+ 28. Kd3 Rxh2 29. Be5 Rh3+ 30.
Kc4 Bd6 31. Bd4 a6 32. Nc3 Ke6 33. a4 Rh4 34. Kd3 Rh3+ 35. Kc4 Be5 36. Nd5 Rh2 37. c3 Bxd4 38. cxd4 f5 39. Nf4+ Kd6 40. a5 Rh4 41. Ng6 Rh1 42. Kd3 Ra1 43. b4 Ra3+ 44. Kc4 Rg3 45. Nf4 Rg4 46. Ng6 f4 47. Ne5 Rg3 48. Nf7+ Ke6 49. Ne5 Kf5 50. b5 f3 51.
Kd3 Kf4 52. bxa6 bxa6 53. Kd2 Rg1 54. Nd3+ Kg3 55. Ke3 f2 56. Nxf2 Re1+ 57. Kd2 Kxf2 58. d5 Re5 0-1

[Event "*** Titled Tuesday Blitz"]
[Site "Chess.com"]
[Date "2021.02.09"]
[Round "3"]
[White "Piccadilly123"]
[Black "NikolaMa2000"]
[Result "1-0"]
[WhiteElo "2187"]
[BlackElo "1809"]
[TimeControl "180+1"]
[EndTime "10:30:04 PST"]
[Termination "Piccadilly123 won by resignation"]

1. e4 e6 2. d4 d5 3. e5 c5 4. c3 Nc6 5. Nf3 Bd7 6. Be2 Nh6 7. Bxh6 gxh6 8. O-O Bg7 9. a3 O-O 10.
b4 cxd4 11. cxd4 f6 12. b5 Ne7 13. Nbd2 a6 14. bxa6 bxa6 15. Nb3 Bb5 16. Nc5 Bxe2 17. Qxe2 Qc8 18. Rfc1 fxe5 19. Nxe5 Nf5 20. Ncd7 Nxd4 21.
Qd3 Qe8 22. Qxd4 Qxd7 23. Nxd7 Bxd4 24. Nxf8 Rxf8 25. Ra2 e5 26. Rd2 Rf6 27. Kf1 Kg7 28. Rc7+ Kg6 29. Rdc2 Ba1 30. R7c6 d4 31. Rxf6+ Kxf6 32.
Ke2 Bc3 33. Kd3 Kf5 34. f3 Kf4 35. a4 a5 36. Rc1 h5 37. Rb1 h4 38. Rb7 h5 39.
Rf7+ Kg5 40. Re7 Kf6 41. Rh7 Be1 42. Rb7 Bc3 43. Rh7 Bb4 44. Rxh5 Be1 45. Rh8 Ke6 46. Rh6+ Kd5 47. Rg6 Kc5 48. Rg4 Kb4 49. Re4 Kxa4 50. Rxe1 Kb3 51. Rxe5 a4 52. Kxd4 a3 53. Ra5 a2 54.
Rxa2 Kxa2 55. Ke4 Kb3 56. Kf4 Kc4 57. Kg4 Kd4 58. Kxh4 Ke3 59. Kg3 Kd4 60. h4 Ke5 61. Kg4 Kf6 62. g3 Kg6 63. f4 1-0

[Event "*** Titled Tuesday Blitz"]
[Site "Chess.com"]
[Date "2021.02.09"]
[Round "3"]
[White "Azde"]
[Black "ChampStan"]
[Result "0-1"]
[WhiteElo "2380"]
[BlackElo "2220"]
[TimeControl "180+1"]
[EndTime "10:30:05 PST"]
[Termination "ChampStan won on time"]

1. d4 Nf6 2. c4 g6 3. Nc3 d5 4. Bf4 Bg7 5. e3 O-O 6. cxd5 Nxd5 7. Nxd5 Qxd5 8. Bxc7 Nc6 9. Ne2 Bg4 10. f3 Bxf3 11. gxf3 Qxf3 12. Rg1 Qxe3 13. Bf4 Qe4 14. Bg2 Qf5 15. Bxc6 bxc6 16. Qd2 Rfd8 17. Rg5 Qe4 18. Qe3 Qh1+ 19. Rg1 Qd5 20. Be5 Bxe5 21. dxe5 Rab8 22. Nc3 Qc4 23. Rd1 Rxd1+ 24. Nxd1 Rd8 25. Qe2 Qxa2 26. Rg3 Qa5+ 27. Kf2 Rd5 28. Nc3 Rxe5 29. Re3 Rf5+ 30. Kg2 e6 31. Rf3 Rg5+ 32. Rg3 Rf5 33. Qd2 Qe5 34.
Qe2 Qf6 35. Ne4 Qd4 36. Nf2 Re5 37. Qf3 c5 38. Qa8+ Kg7 39. Qf3 Rf5 40. Qe2 Qf6 41. Ne4 Qd4 42. Nf2 c4 43. Rg4 Qf6 44. Rg3 c3 45. bxc3 Re5 46. Qd3 h5 47. Qf3 Rf5 48. Qe3 h4 49. Rg4 Rh5 50. Nh3 Rf5 51. Qd4 e5 52.
Qe3 Qc6+ 53. Re4 Rf6 54. Nf2 Rd6 55. h3 f5 0-1

[Event "*** Titled Tuesday Blitz"]
[Site "Chess.com"]
[Date "2021.02.09"]
[Round "3"]
[White "Ladislav1969"]
[Black "IljaJoke"]
[Result "1/2-1/2"]
[WhiteElo "2322"]
[BlackElo "2512"]
[TimeControl "180+1"]
[EndTime "10:30:06 PST"]
[Termination "Game drawn - insufficient material"]

1. e4 e5 2. Bc4 Nc6 3. d3 Nf6 4. Nf3 Bc5 5. c3 d6 6. a4 a5 7. Nbd2 O-O 8. O-O Be6 9. Re1 h6 10. Qb3 Bxc4 11. Nxc4 Qc8 12. Be3 Bxe3 13. Rxe3 Ne7 14. d4 Ng6 15. dxe5 Ng4 16. Rd3 N4xe5 17. Ncxe5 Nxe5 18. Nxe5 dxe5 19. Rad1 Qg4 20. Qxb7 Rab8 21.
Qxc7 Qxe4 22. R3d2 Qxa4 23. Qxe5 Rxb2 24. h3 Rxd2 25.
Rxd2 Qa1+ 26. Kh2 a4 27. Qa5 Rc8 28. Rd8+ Rxd8 29. Qxd8+ Kh7 30. Qd3+ Kg8 31. Qd8+ Kh7 32. Qd3+ g6 33. Qd5 Qxc3 34. Qxf7+ Qg7 35. Qa2 Qa7 36. h4 a3 37. h5 gxh5 38. Qc2+ Kg7 39. Qa2 Qc7+ 40.
g3 Qc3 41. Qe6 Qb2 42. Qe7+ Kg6 43. Qe6+ Qf6 44. Qg8+ Kf5 45. Qd5+ Kg6 46. Qg8+ Qg7 47. Qe6+ Kh7 48. Qf5+ Qg6 49. Qd7+ Kg8 50. Qc8+ Kf7 51. Qb7+ Kg8 52. Qa8+ Kg7 53. Qxa3 Qf7 54. Qc3+ Kh7 55. Qe3 Qf5 56. Kg2 Kg6 57. Qf3 Qxf3+ 58. Kxf3 Kf5 59. Kg2 h4 60. f3 hxg3 61. Kxg3 h5 62. Kh4 Kf4 63.
Kxh5 Kxf3 1/2-1/2

[Event "*** Titled Tuesday Blitz"]
[Site "Chess.com"]
[Date "2021.02.09"]
[Round "3"]
[White "Murad_Ibrahimli"]
[Black "JoachimMouhamad"]
[Result "0-1"]
[WhiteElo "2712"]
[BlackElo "2395"]
[TimeControl "180+1"]
[EndTime "10:30:07 PST"]
[Termination "JoachimMouhamad won by resignation"]

1. c4 e5 2. Nc3 Nf6 3. Nf3 Nc6 4. e3 d5 5. cxd5 Nxd5 6. Bb5 Nxc3 7. bxc3 Bd6 8. d4 exd4 9. cxd4 O-O 10. O-O Bf5 11. Re1 Be4 12. Bd3 Qe7 13. Bb2 Rfe8 14. Bc3 Rad8 15. Rb1 b6 16. Rb5 h6 17. Bxe4 Qxe4 18. Qb1 Qxb1 19. Rbxb1 f5 20. g3 Kf7 21. Kg2 Ne7 22. a4 a5 23. Rb5 g6 24. h3 Ke6 25. e4 fxe4 26. Rxe4+ Kf7 27. h4 Ng8 28. Ne5+ Bxe5 29. dxe5 Re6 30. Rf4+ Kg7 31. Bb2 h5 32. Rb3 Ne7 33. Rf6 Rc6 34. Rbf3 Kg8 35. Rf7 Re6 36. R7f6 Rxf6 37. exf6 Nf5 38. Rc3 c5 39. Rb3 Rd6 40.
Be5 Re6 41. f4 Kf7 42. Kf3 Rc6 43. Ke4 c4 44. Rc3 Ke6 45. f7 Kxf7 46. Kd5 Rc8 47. Ke4 Ke6 48. Rc1 Nxg3+ 49. Kf3 Nf5 50. Ke4 Nd6+ 51.
Kd4 b5 52. axb5 Nxb5+ 53. Ke4 c3 54. Rg1 c2 55. Kd3 c1=Q 56. Rxg6+ Kf5 57. Rg5+ Ke6 58. Rg6+ Kd5 59. Rg5 Qd1+ 60. Ke3 Kc4 61. Rg7 Qd3+ 62. Kf2 Qd2+ 63. Kf3 Nd4+ 64. Kg3 Qe3+ 0-1

[Event "*** Titled Tuesday Blitz"]
[Site "Chess.com"]
[Date "2021.02.09"]
[Round "3"]
[White "Ave_Mariia"]
[Black "Grandmaster1369"]
[Result "1-0"]
[WhiteElo "2481"]
[BlackElo "2201"]
[TimeControl "180+1"]
[EndTime "10:30:07 PST"]
[Termination "Ave_Mariia won on time"]

1. d4 Nf6 2. c4 e6 3. g3 Bb4+ 4. Bd2 Qe7 5. Nf3 Nc6 6. Nc3 Bxc3 7. Bxc3 d6 8. Bg2 O-O 9. O-O e5 10. d5 Nb8 11. b4 a5 12. a3 b6 13. Qc2 Ba6 14. c5 Nbd7 15. cxd6 cxd6 16. Rfd1 Rfc8 17.
Qb2 Ne4 18. Be1 Nef6 19. bxa5 bxa5 20. Bxa5 Rab8 21. Bb4 Nc5 22. Rac1 Na4 23. Qa2 Bb5 24. Rc2 Nb6 25. Rxc8+ Rxc8 26. Ne1 Bc4 27. Qb1 Bxe2 28.
Rd2 Bc4 29. Rc2 Nfxd5 30. Qc1 Qe6 31. Ba5 Ba6 32. Rc6 Qd7 33. Rxc8+ Qxc8 34. Qd2 Qc5 35. Bb4 Nxb4 36. axb4 Qb5 37. Nc2 h6 38. Qxd6 Nc4 39. Qd8+ Kh7 40. Be4+ g6 41. Qf6 Nd6 42. Bg2 Qd7 43. Ne3 Qe6 44. Qd8 Nf5 45. Nd5 Nd4 46.
Nf6+ Qxf6 47. Qxf6 Ne2+ 48. Kh1 Bc4 49. Qe7 Nd4 50.
Qxe5 Ne6 51. Qa5 Ng5 52. b5 h5 53. b6 h4 54. b7 h3 55. Bc6 1-0

[Event "*** Titled Tuesday Blitz"]
[Site "Chess.com"]
[Date "2021.02.09"]
[Round "3"]
[White "northridgehawk"]
[Black "manipun1"]
[Result "0-1"]
[WhiteElo "2341"]
[BlackElo "2283"]
[TimeControl "180+1"]
[EndTime "10:30:08 PST"]
[Termination "manipun1 won by checkmate"]

1. e4 d6 2. d4 Nf6 3. Nc3 e5 4. Nge2 Nc6 5. f3 Be7 6. Be3 O-O 7. Qd2 d5 8. dxe5 Nxe5 9. Nxd5 Nc4 10. Nxe7+ Qxe7 11. Qc3 Nxe3 12. Qxe3 Rd8 13. Nc3 Qb4 14. Rb1 Be6 15. a3 Qb6 16. Qxb6 axb6 17. Bd3 c5 18. Rd1 g5 19. Nb5 Rd7 20. e5 Nh5 21. Be4 Rxd1+ 22.
Kxd1 Rd8+ 23. Kc1 Nf4 24. Nd6 Nxg2 25. Rg1 Nf4 26. Rxg5+ Kf8 27. Rg1 Ne2+ 28. Kd2 Nxg1 29. Ke3 Nh3 30. f4 Rd7 31. b3 f6 32. Nxb7 fxe5 33.
fxe5 Ng5 34. Bg2 Bd5 35. Bxd5 Rxd5 36. Kf4 Ne6+ 37. Kf5 Nd4+ 38. Ke4 Rd7 39. Nd6 Nxc2 40. Kd5 Nxa3 41. Kc6 Re7 42. Kd5 Nc2 43. e6 Nb4+ 44.
Ke5 Nc6+ 45. Kf6 Nd4 46. Nc4 Rxe6+ 47. Kg5 Re2 48. Nxb6 Nxb3 49. h4 Rg2+ 50. Kf4 Nd2 51. Nd7+ Ke7 52. Nxc5 Rh2 53. Kg4 Nc4 54. Ne4 Kf7 55.
Ng3 Kg6 56. h5+ Kf6 57. Ne4+ Ke5 58. Ng5 Rg2+ 59. Kh4 Ne3 60. Nxh7 Nf5+ 61. Kh3 Rg3+ 62. Kh2 Rg7 63. Nf8 Rf7 64. Ng6+ Kf6 65. Kh3 Kg5 66. Ne5 Rh7 67. Nf3+ Kf4 68. Nd2 Rxh5+ 69. Kg2 Ne3+ 70. Kg1 Rg5+ 71. Kh1 Ra5 72. Kh2 Ra2 73. Kg1 Rxd2 74. Kh1 Kg3 75. Kg1 Rd1# 0-1

[Event "*** Titled Tuesday Blitz"]
[Site "Chess.com"]
[Date "2021.02.09"]
[Round "3"]
[White "WonderChampion"]
[Black "ARTHURMOTIVATOR"]
[Result "1-0"]
[WhiteElo "2069"]
[BlackElo "2290"]
[TimeControl "180+1"]
[EndTime "10:30:08 PST"]
[Termination "WonderChampion won on time"]

1. d4 Nf6 2. Bg5 Ne4 3. Bf4 c5 4. f3 Qa5+ 5. c3 Nf6 6. d5 e6 7. e4 exd5 8. exd5 b5 9. d6 Bb7 10. Qe2+ Kd8 11. Na3 a6 12. Qe5 Nd5 13. Bg3 f6 14.
Qe2 Bxd6 15. Qd1 Bxg3+ 16. hxg3 c4 17. Ne2 Re8 18. Kf2 Ne3 19. Qd2 Nc6 20. Nd4 Qb6 21.
Be2 Nxd4 22. Qxd4 Qxd4 23. cxd4 Nxg2 24. Rxh7 Ne3 25. Rxg7 Nf5 26. Rf7 Nxd4 27. Re1 Kc7 28. Rxf6 Bd5 29. Rf4 Ne6 30. Rf5 Bc6 31. Rf6 Nd4 32.
Rf4 Ne6 33. Rf6 Rh8 34. Kg2 Rag8 35. Kf2 Rh2+ 36. Ke3 Rxg3 37. Rf1 Ng5 38. Re1 Rxe2+ 39.
Rxe2 Nxf3 40. Kf2 Rh3 41. Kg2 Rh2+ 42. Kg3 Rxe2 43. Kg4 Rg2+ 44. Kf4 Rxb2 45. Ke3 Ne5 46. Nxb5+ axb5 47. Rf5 Ng6 48. Rg5 Ne7 49. Rg7 Nd5+ 50. Ke4 Nb4+ 51. Kf5 Nxa2 52. Kg6 Rf2 53. Rf7 Rg2+ 54.
Kf6 Rg7 55. Kxg7 c3 56. Rf2 c2 57. Rxc2 1-0

[Event "*** Titled Tuesday Blitz"]
[Site "Chess.com"]
[Date "2021.02.09"]
[Round "3"]
[White "platy3"]
[Black "Jungle_Jaguar"]
[Result "0-1"]
[WhiteElo "2856"]
[BlackElo "2640"]
[TimeControl "180+1"]
[EndTime "10:30:10 PST"]
[Termination "Jungle_Jaguar won on time"]

1. e4 e5 2. Nf3 Nc6 3. Bc4 Nf6 4. d3 Bc5 5. O-O d6 6. c3 a6 7. Nbd2 Ba7 8. a4 O-O 9. h3 h6 10. Re1 Re8 11. b4 Be6 12. Bxe6 Rxe6 13. Qc2 Qd7 14. Nb3 Rd8 15. b5 Ne7 16. c4 Ng6 17. Be3 Bxe3 18. fxe3 c6 19. bxa6 bxa6 20. Rf1 Ree8 21. Rab1 d5 22. exd5 cxd5 23. Nc5 Qc6 24. d4 exd4 25. exd4 Nf4 26. Rbe1 dxc4 27. Ne5 Rxe5 28. Rxe5 Rxd4 29.
Nb3 Qd6 30. Rfe1 Nd3 31. Re8+ Nxe8 32. Rxe8+ Kh7 33. Nxd4 Qxd4+ 34. Kh1 f5 35. Rc8 Qa1+ 36. Kh2 Qe5+ 37. Kh1 Qe1+ 38. Kh2 Qe5+ 39. g3 f4 40.
Rxc4 fxg3+ 41. Kg2 Qf5 42. Kxg3 Qg6+ 43. Rg4 Qd6+ 44. Kg2 g6 45. Qe2 Nf4+ 46. Rxf4 Qxf4 47.
Qe7+ Kg8 48. Qe8+ Kg7 49. Qe7+ Qf7 50. Qe5+ Kh7 51. Kg3 Qb3+ 52. Kg2 Qa2+ 53. Kg3 Qf7 54. Kg2 h5 55. a5 Qf5 56. Qc7+ Kh6 57. Kh2 Qg5 58. Qd8 Qxd8 0-1

[Event "*** Titled Tuesday Blitz"]
[Site "Chess.com"]
[Date "2021.02.09"]
[Round "3"]
[White "vovachesss"]
[Black "oneshot007"]
[Result "0-1"]
[WhiteElo "2747"]
[BlackElo "2538"]
[TimeControl "180+1"]
[EndTime "10:30:11 PST"]
[Termination "oneshot007 won by checkmate"]

1. e4 c5 2. c3 d5 3. exd5 Qxd5 4. Nf3 Nc6 5. Na3 Bg4 6. Be2 e5 7. O-O O-O-O 8. d3 f5 9. Nc4 Nf6 10. Ne3 Qd7 11. Nxg4 fxg4 12. Ng5 h6 13. Ne4 h5 14. Be3 Kb8 15. Nxc5 Bxc5 16. Bxc5 h4 17. Be3 Ne7 18. f3 Ned5 19. Bg5 g3 20. h3 Qf5 21. Qd2 Nf4 22.
Bxf4 exf4 23. d4 Nd5 24. Bd3 Qf6 25. Be4 Ne3 26. Rfe1 Rc8 27. b3 Rhe8 28. Qd3 g5 29. c4 Red8 30. d5 Qb2 31. Qe2 Qe5 32. Rac1 g4 33. Qd3 gxh3 34. gxh3 Qb2 35. Rc2 Nxc2 36. Qxc2 Qxc2 37. Bxc2 Re8 38. Be4 b5 39. Rc1 bxc4 40. bxc4 Rc5 41. Kg2 Kc7 42. Kf1 Rb8 43.
Rc2 Rb4 44. Bd3 Kd6 45. Re2 Kd7 46. Bf5+ Kd8 47. Bd3 a5 48. Re4 Rb2 49. Rxf4 Rd2 50. Be2 g2+ 51. Kf2 Rxe2+ 52. Kg1 Rxa2 53. Rxh4 a4 54. Rg4 Rb2 55. Rg6 Rxc4 56. Rxg2 Rxg2+ 57. Kxg2 a3 58. Kg3 a2 59. h4 a1=Q 60. h5 Qh8 61. h6 Qxh6 62. Kf2 Qf4 63. Ke2 Rc2+ 64. Kd3 Qc4+ 65.
Ke3 Re2# 0-1

[Event "*** Titled Tuesday Blitz"]
[Site "Chess.com"]
[Date "2021.02.09"]
[Round "3"]
[White "ckgchess"]
[Black "SanQui14"]
[Result "1-0"]
[WhiteElo "2727"]
[BlackElo "2440"]
[TimeControl "180+1"]
[EndTime "10:30:11 PST"]
[Termination "ckgchess won by resignation"]

1. e4 e6 2. d3 d5 3. Nd2 e5 4. Ngf3 Nc6 5. exd5 Qxd5 6. g3 Nf6 7. Bg2 Bc5 8. O-O O-O 9. Re1 Qd8 10. Nc4 Ng4 11. Ne3 Re8 12. Nxg4 Bxg4 13. h3 Bh5 14. Be3 Nd4 15.
g4 Bg6 16. Bxd4 exd4 17. a3 c6 18. Nd2 Bb6 19. Be4 Bc7 20. Qf3 Qd6 21. Qg2 Qf4 22. Nf1 Bxe4 23. Rxe4 Rxe4 24. Qxe4 Qd6 25. Re1 h6 26. Qe7 Rd8 27. Qxd6 Bxd6 28. Re4 c5 29. Kg2 g6 30. Nd2 Kg7 31. Nc4 Kf6 32. f4 Bc7 33. Kf3 b5 34. Nd2 Bd6 35. Re2 Rc8 36. Ne4+ Ke6 37. Nxc5+ Kd5 38. Ne4 Be7 39. Ng3 Rc7 40. Nf1 b4 41. axb4 Bxb4 42. Ng3 a5 43. Ne4 Rc6 44. b3 Ra6 45. Nf2 Rc6 46. Nd1 Kc5 47. Nb2 Kd5 48. Nc4 Bd6 49. Re8 Ra6 50. Rd8 Kc5 51. Rxd6 Rxd6 52. Nxd6 Kxd6 53. Ke4 Kc5 54. Ke5 h5 55. gxh5 gxh5 56. h4 Kb4 57.
Kxd4 a4 58. bxa4 Kxa4 59. Ke5 Kb4 60. Kf6 Kc3 61. Kxf7 Kxc2 62. d4 Kd3 63. d5 Ke4 64. d6 Kxf4 65. d7 Kg4 66. d8=Q Kh3 67. Qg5 Kh2 68. Qxh5 Kh1 69. Qg5 1-0

[Event "*** Titled Tuesday Blitz"]
[Site "Chess.com"]
[Date "2021.02.09"]
[Round "3"]
[White "Kaliopa"]
[Black "Kurkusha"]
[Result "0-1"]
[WhiteElo "2182"]
[BlackElo "2356"]
[TimeControl "180+1"]
[EndTime "10:30:11 PST"]
[Termination "Kurkusha won by resignation"]

1. e4 e5 2. Nf3 Nc6 3. Nc3 Nf6 4. Bb5 Bd6 5. a3 a6 6. Bc4 b5 7. Bb3 O-O 8. d3 Bb7 9. g4 Nd4 10. Nxd4 exd4 11. Ne2 c5 12. g5 Nxe4 13. dxe4 Bxe4 14. Rg1 Qe7 15. Kf1 Rae8 16. Ng3 c4 17. Ba2 Qe5 18.
Bd2 Bg6 19. Kg2 Qd5+ 20. f3 d3 21. cxd3 Bxd3 22. Re1 Bc5 23. Bc3 Qxg5 24. Qd2 Be3 25. Rxe3 Qxe3 26. Qxe3 Rxe3 27. Kf2 Rfe8 28. Bd4 R3e7 29.
Rd1 d5 30. Rd2 g6 31. Rd1 Re6 32. f4 f5 33. Be5 g5 34. Bb1 Bxb1 35. Rxb1 gxf4 36.
Bxf4 d4 37. Rg1 Kf7 38. Nxf5 Rg8 39. Nh6+ Rxh6 40. Rxg8 Rf6 41. Rg4 h5 42. Rh4 Kg6 43. Kf3 d3 44. Ke3 Re6+ 45. Kd2 Re2+ 46. Kc1 Kf5 47.
Bd2 Kg6 48. Rh3 Rf2 49. Rg3+ Kf5 50. h4 Rf1+ 51. Be1 Rxe1+ 52. Kd2 Re2+ 53. Kc1 Rc2+ 54. Kb1 Rh2 55. Rg5+ Kf4 56. Rxh5 Ke3 57. Re5+ Kd2 58. h5 Rh1+ 59. Ka2 Kc2 60. h6 d2 61. h7 Rxh7 62. Re2 Kc1 63. a4 d1=Q 64. axb5 Qb3+ 0-1

[Event "*** Titled Tuesday Blitz"]
[Site "Chess.com"]
[Date "2021.02.09"]
[Round "3"]
[White "RobertoJBM"]
[Black "Rytenko_V"]
[Result "1-0"]
[WhiteElo "2724"]
[BlackElo "2435"]
[TimeControl "180+1"]
[EndTime "10:30:13 PST"]
[Termination "RobertoJBM won by resignation"]

1. d4 d5 2. e3 Nf6 3. Nf3 Bg4 4. c4 e6 5. Qb3 b6 6. Ne5 Bf5 7. Nc3 c6 8. Bd2 Bd6 9. Rc1 O-O 10. Be2 Nfd7 11. Nxd7 Nxd7 12. O-O Rc8 13. Rfd1 Qh4 14. g3 Qf6 15. cxd5 cxd5 16. Ba6 Bh3 17. Bf1 Bxf1 18. Rxf1 Qf3 19. Qd1 Qxd1 20. Rfxd1 a6 21. Kf1 Rfd8 22. Ke2 Kf8 23. f3 Ke7 24. e4 dxe4 25. fxe4 Bb4 26.
Nd5+ exd5 27. Bxb4+ Ke6 28. e5 f6 29. exf6 Nxf6 30.
Kd3 Ne4 31. Re1 a5 32. Bd2 Rf8 33. Bf4 g5 34. Rxc8 Rxc8 35. Bxg5 Kf5 36. Be3 h5 37.
Rf1+ Ke6 38. Rf4 Rh8 39. b3 Rh7 40. Rf8 Rc7 41. Bd2 Nxd2 42. Kxd2 Rc6 43. Rh8 Kf5 44. Rxh5+ Ke4 45. Rh4+ Kf3 46. Rf4+ Kg2 47. Rh4 Kf3 48.
Rh5 b5 49. Rxd5 b4 50. Rxa5 Ke4 51. Ra4 Rb6 52. h4 Kf3 53. Kd3 Kxg3 54. d5 Kxh4 55. Kc4 Kg5 56. Rxb4 Ra6 57. a4 Kf5 58. Kc5 Ke5 59. Rb5 Ra8 60. a5 Rc8+ 61. Kb4 Kd6 62. Rb6+ Kxd5 63. Kb5 Ra8 64. b4 Ra7 65. a6 Ra8 66.
Rb7 Kd6 67. Kb6 Re8 68. a7 Rc8 69. b5 Rc6+ 70. bxc6 1-0

[Event "*** Titled Tuesday Blitz"]
[Site "Chess.com"]
[Date "2021.02.09"]
[Round "3"]
[White "Joseacorrea"]
[Black "Taktikmonster"]
[Result "0-1"]
[WhiteElo "1997"]
[BlackElo "2287"]
[TimeControl "180+1"]
[EndTime "10:30:13 PST"]
[Termination "Taktikmonster won by checkmate"]

1. c4 c5 2. Nc3 g6 3. Nf3 Bg7 4. g3 Nc6 5. Bg2 e5 6. O-O d6 7.
d3 Nge7 8. Bg5 O-O 9. Qd2 f5 10. Bh6 f4 11. Bxg7 Kxg7 12. h3 h6 13. e3 Be6 14. b3 Qd7 15. Kh2 Rf7 16. d4 cxd4 17.
exd4 exd4 18. Nxd4 Nxd4 19. Qxd4+ Kh7 20. Ne4 Raf8 21. Qxd6 fxg3+ 22. fxg3 Nf5 23. Qxd7 Bxd7 24. Nc5 Bc6 25. Bd5 Bxd5 26. cxd5 Ne3 27. Rxf7+ Rxf7 28. d6 b6 29. d7 Rf2+ 30. Kg1 Rd2 31. Ne6 Rxd7 32. Nf8+ Kg7 33. Nxd7 Kf7 34. Ne5+ Kf6 35. Nc4 Nd5 36. Rf1+ Ke6 37. Re1+ Kf6 38. Kf2 b5 39. Ne3 Nb4 40. a3 Nd3+ 41. Ke2 Nxe1 42. Kxe1 Ke5 43. Kd2 Ke4 44. Ke2 a6 45. Nc2 a5 46. b4 a4 47. g4 g5 48. Ne3 Kd4 49. Nf5+ Kc3 50. Nxh6 Kb3 51. Nf7 Kxa3 52. Nxg5 Kb2 53. Ne4 a3 54. g5 a2 55. g6 a1=Q 56. g7 Qg1 57. Nd6 Qxg7 58. Nxb5 Qe5+ 59. Kf3 Qxb5 60. Kg4 Kb3 61. h4 Kxb4 62. h5 Qe8 63. Kg5 Qh8 64. h6 Kc5 65. Kg6 Kd6 66. h7 Ke6 67. Kh6 Kf5 68. Kh5 Qxh7# 0-1

[Event "*** Titled Tuesday Blitz"]
[Site "Chess.com"]
[Date "2021.02.09"]
[Round "3"]
[White "Prostochendir"]
[Black "dragos420"]
[Result "1-0"]
[WhiteElo "2294"]
[BlackElo "2488"]
[TimeControl "180+1"]
[EndTime "10:30:15 PST"]
[Termination "Prostochendir won by resignation"]

1. e4 e5 2. Nf3 Nc6 3. d4 exd4 4.
Bc4 Nf6 5. e5 d5 6. Bb5 Ne4 7.
Nxd4 Bd7 8. Bxc6 bxc6 9. O-O Bc5 10. Be3 Bb6 11. Nd2 Nxd2 12. Qxd2 c5 13. Nb3 d4 14. Bg5 Qc8 15. a4 a5 16. c3 Be6 17. Nc1 O-O 18. Ne2 Bc4 19. Rfe1 Qe6 20. cxd4 cxd4 21. Nxd4 Bc5 22.
Nxe6 fxe6 23. Qc2 Bxf2+ 24. Qxf2 Rxf2 25. Kxf2 Rf8+ 26. Ke3 Bd5 27. Rf1 Rb8 28. Rf2 h6 29.
Be7 Rb3+ 30. Kd2 Rxb2+ 31. Ke1 Rb3 32. Bd8 Rc3 33. Rb1 Ra3 34. Bxc7 Rxa4 35. Bd6 Kh7 36.
Kd2 Ra2+ 37. Ke3 Ra4 38. Rf7 Re4+ 39. Kd2 Rg4 40. g3 Rd4+ 41. Kc3 Rc4+ 42. Kb2 Kg6 43. Rc1 Rxc1 44. Kxc1 Kxf7 45. Kb2 a4 46. Ka3 Bb3 47. g4 Kg6 48. h4 h5 49. gxh5+ Kxh5 50. Be7 Kg4 51. Bd8 Kf5 52. Bc7 Bd1 53. Kb4 Kf4 54.
Ka3 g6 55. Kb4 Ke4 56. Ka3 Kd4 57. Bb8 Bb3 58. Bd6 Kd5 59. Bb8 Ke4 60. Bd6 Kf4 61.
Bc7 Kf5 62. Bd6 Kg4 63. Be7 Kf4 64. Bf6 Ke4 65. Kb2 Kd4 66. Ka3 Bd1 67. Kb2 Kd5 68. Ka3 Ke4 69. Kb2 Kf4 70. Ka3 Kg4 71. Kb2 Bb3 72.
Ka3 1-0

[Event "*** Titled Tuesday Blitz"]
[Site "Chess.com"]
[Date "2021.02.09"]
[Round "3"]
[White "BogdanDeac"]
[Black "BigAl"]
[Result "1-0"]
[WhiteElo "2990"]
[BlackElo "2466"]
[TimeControl "180+1"]
[EndTime "10:30:17 PST"]
[Termination "BogdanDeac won on time"]

1. Nf3 Nf6 2. c4 g6 3. Nc3 Bg7 4. g3 O-O 5. Bg2 d6 6. d4 Nbd7 7. O-O e5 8. Qc2 c6 9. Rd1 Qe7 10. e4 exd4 11. Nxd4 Nc5 12. Bf4 Rd8 13. h3 Ne6 14. Be3 Nc5 15. Re1 a5 16. Rad1 h5 17. Bg5 Ne6 18. Nxe6 Bxe6 19. b3 Qc7 20. Qd2 Rd7 21. Ne2 Nh7 22. Bf4 Be5 23. Nd4 Bxf4 24. Qxf4 Nf8 25. Nf3 a4 26. Ng5 axb3 27. axb3 Qb6 28.
Re3 Ra3 29. Rdd3 Ra1+ 30. Kh2 Qc5 31. Nf3 Rb1 32. g4 hxg4 33. hxg4 Rb2 34. Kg3 Nh7 35. g5 Qa3 36. Nd4 Nf8 37. Rf3 Qa1 38. Qe3 Qg1 39. Rd2 Rxd2 40. Qxd2 c5 41. Nb5 Nh7 42.
Rd3 Qa1 43. Nxd6 Qe5+ 44. f4 Qa1 45. e5 Kg7 46. Qe3 Nf8 47. Qxc5 Rd8 48. Qe3 Ra8 49. Bxb7 Ra2 50. Bg2 Qb2 51. Qf3 Qc1 52. Ne8+ Kg8 53.
Qe3 Qa1 54. Nf6+ Kg7 55. Rd2 Rxd2 56. Qxd2 Qa3 57. Qe3 Qb4 58. Bd5 Bf5 59. Ne8+ Kg8 60. Nd6 Bd7 61. c5 Ne6 62. c6 1-0